 Dungeon Crawl Stone Soup version 0.18.1-48-g4cf74bf (webtiles) character file.

564 inmateoo the Skirmisher (level 7, -1/37 HPs)
             Began as a Vine Stalker Hunter on Sept 10, 2016.
             Killed by divine providence
             ... invoked by an orc priest
              (12 damage)
             ... on level 5 of the Dungeon.
             The game lasted 00:05:33 (3056 turns).

inmateoo the Skirmisher (Vine Stalker Hunter)       Turns: 3056, Time: 00:05:34

Health: -1/37      AC:  7    Str: 15    XL:     7   Next: 32%
Magic:  0/8        EV: 13    Int: 13    God:
Gold:   228        SH:  0    Dex: 16    Spells: 0 memorised, 6 levels left

rFire  + . .     SeeInvis .     w - +6 short sword
rCold  . . .     Gourm    .     b - +0 leather armour
rNeg   . . .     Faith    .     (no shield)
rPois  +         Spirit   +     o - +2 hat
rElec  .         Dismiss  .     (no cloak)
rCorr  .         Reflect  .     n - +1 pair of gloves
SustAt .         Harm     .     (no boots)
MR     .....                    G - amulet "Dinnesua" {+Rage rPois rF+ Int+2}
Stlth  ++........               (no ring)
                                J - ring of poison resistance

@: not resistant to hostile enchantments, unstealthy
A: fangs 2, regeneration 2, magic shield, antimagic bite, no device heal 3, rot
immunity
a: Evoke Berserk Rage


You were on level 5 of the Dungeon.
You were not hungry.

You visited 1 branch of the dungeon, and saw 5 of its levels.

You collected 228 gold pieces.

Inventory:

Hand Weapons
 v - a +2 hand axe of flaming
 w - a +6 short sword (weapon)
 A - a +0 dagger of electrocution
 E - a +0 falchion
Missiles
 c - 9 javelins (quivered)
 d - 2 throwing nets
Armour
 b - a +0 leather armour (worn)
 l - a +0 scale mail
 n - a +1 pair of gloves (worn)
 o - a +2 hat (worn)
Jewellery
 G - the amulet "Dinnesua" (around neck) {+Rage rPois rF+ Int+2}
   (You found it on level 4 of the Dungeon)

   [amulet of rage]

   It affects your intelligence (+2).
   It protects you from fire.
   It protects you from poison.
   It lets you go berserk.
 J - a ring of poison resistance (left hand)
Wands
 a - a wand of lightning (10/15)
 B - a wand of iceblast (9/15)
 C - a wand of flame (19/48)
Scrolls
 e - a scroll of immolation
 h - 5 scrolls of identify
 j - 2 scrolls of enchant armour
 k - 4 scrolls of remove curse
 r - a scroll of teleportation
 x - a scroll of noise {unknown}
 y - a scroll of vulnerability {unknown}
 K - a scroll of fear
Potions
 g - 2 potions of lignification {unknown}
 i - a potion of haste {unknown}
 m - 4 potions of flight {unknown}
 p - 3 potions of heal wounds {unknown}
 q - 3 potions of curing {unknown}
 s - a potion of ambrosia {unknown}
 t - a potion of resistance {unknown}
 z - a potion of degeneration {unknown}
 F - a potion of invisibility {unknown}
 H - a potion of agility {unknown}
Books
 L - a book of Frost

   Spells                             Type                      Level
   a - Freeze                         Ice                          1
   b - Throw Frost                    Conjuration/Ice              2
   c - Ozocubu's Armour               Charms/Ice                   3
   d - Throw Icicle                   Conjuration/Ice              4
   e - Summon Ice Beast               Ice/Summoning                4
Comestibles
 f - 3 bread rations
 u - 4 meat rations
 D - a fruit
 I - 2 chunks of flesh


   Skills:
 + Level 3.7 Fighting
 * Level 3.3(3.5) Short Blades
 + Level 1.0(2.4) Long Blades
 - Level 3.6 Throwing
 + Level 1.9 Armour
 + Level 2.8 Dodging
 + Level 3.3 Stealth
 + Level 1.0 Evocations


You had 6 spell levels left.
You didn't know any spells.

Dungeon Overview and Level Annotations

Branches:
Dungeon (5/15)             Temple (0/1) D:5

Altars:
Ashenzari
Gozag
Vehumet
Zin

Shops:
D:2 *   D:4 %


Innate Abilities, Weirdness & Mutations

You have extremely sharp teeth.
You heal very quickly.
When hurt, damage is shared between your health and your magic reserves.
Your bite disrupts and absorbs the magic of your enemies.
Potions and wands cannot restore your health.
You are immune to rotting.


Message History

You hit the orc priest.
You bite the orc priest, but do no damage.
The orc priest is severely wounded.
The orc barely misses you.
The orc priest miscasts a cantrip.
Unknown command.
You completely miss the orc priest.
The orc priest is severely wounded.
The orc priest mumbles some strange prayers to Beogh against you.
Pain shoots through your body! The orc hits you but does no damage.
The orc priest hits you but does no damage.
Unknown command.
You hit the orc priest. Your bite misses the orc priest.
The orc priest is almost dead.
The orc priest hits you with a flail.
* * * LOW HITPOINT WARNING * * *
The orc closely misses you.
The orc priest invokes the aid of Beogh against you.
Beogh smites you!
You die...

##.###...........##.. .###....
#..#...####........... ........
###.#..####............) .######.
......................# ###..
......######..........# #####...#
..###...........###'#####........
#.###..####.....#o....#..........
.......# ###...#o###.###........
.####..#####...o@o#>#.+.####.###.
. #........#....#.#+#.#......# ##
..#......).#....#.....#.....####.
#..........#....###+####.##.##...
###..................###.......#.
#......>.........................
..#........#...........##....###.
###.####.......[..............###
... ##..........(....###...#


You could see 2 orc priests and 2 orcs.

Vanquished Creatures
  Sigmund (D:5)
  A phantom (D:5)
  An ogre (D:3)
  A giant frog skeleton (D:4)
  2 orc wizards
  A hound zombie (D:3)
  4 adders (D:2)
  3 gnolls (D:2)
  An ooze (D:1)
  2 dart slugs
  A giant gecko (D:2)
  4 orcs
  6 bats
  3 giant cockroaches
  6 goblins
  4 hobgoblins
  9 jackals
  A ball python (D:3)
  5 giant newts
  7 kobolds
  12 rats
75 creatures vanquished.

Notes
Turn   | Place    | Note
--------------------------------------------------------------
     0 | D:1      | inmateoo the Vine Stalker Hunter began the quest for the Orb.
     0 | D:1      | Reached XP level 1. HP: 11/11 MP: 2/2
   120 | D:1      | Reached XP level 2. HP: 15/15 MP: 3/3
   343 | D:1      | Reached XP level 3. HP: 19/19 MP: 4/4
   572 | D:2      | Found Gozag's Platinum Reserve.
   704 | D:3      | Found an opulent altar of Gozag.
   705 | D:3      | Found a glowing silver altar of Zin.
   791 | D:3      | Reached skill level 1 in Short Blades
  1041 | D:3      | Reached XP level 4. HP: 20/23 MP: 3/5
  1100 | D:3      | Noticed an ogre
  1109 | D:3      | Killed an ogre
  1109 | D:3      | Reached skill level 1 in Armour
  1109 | D:3      | Reached XP level 5. HP: 28/28 MP: 6/6
  1800 | D:2      | Gained mutation: You heal very quickly. [Vine Stalker growth]
  1800 | D:2      | Reached XP level 6. HP: 26/32 MP: 5/7
  1981 | D:2      | Found an opulent altar of Gozag.
  2177 | D:2      | Found a shattered altar of Ashenzari.
  2306 | D:4      | Found Rokkis's Food Boutique.
  2439 | D:4      | Got a heavily runed zirconium amulet
  2483 | D:4      | Found a radiant altar of Vehumet.
  2744 | D:4      | Identified the amulet "Dinnesua" {+Rage rPois rF+ Int+2} (You found it on level 4 of the Dungeon)
  2903 | D:5      | Entered Level 5 of the Dungeon
  2919 | D:5      | Noticed a phantom
  2936 | D:5      | Killed a phantom
  2962 | D:5      | Noticed Sigmund
  2971 | D:5      | Killed Sigmund
  2971 | D:5      | Reached skill level 1 in Long Blades
  2971 | D:5      | Reached skill level 1 in Evocations
  2971 | D:5      | Reached XP level 7. HP: 37/37 MP: 8/8
  3043 | D:5      | Found a staircase to the Ecumenical Temple.
  3056 | D:5      | Killed from afar by an orc priest

Skill      XL: |  1  2  3  4  5  6 |
---------------+-------------------+-----
Fighting       | 2 3 |  3.7
Short Blades   | 1 2 3 |  3.3
Dodging        | 2 |  2.8
Armour         | 1 |  1.9
Stealth        | 2 3 |  3.3
Long Blades    | 1 |  1.0
Evocations     | 1 |  1.0
Throwing       | |  3.6

Action                   |  1- 3 |  4- 6 |  7- 9 || total
-------------------------+-------+-------+-------++-------
Melee: Short sword       |    64 |    53 |    12 ||   129
       Bite              |    26 |    32 |     7 ||    65
       Dagger            |    54 |    48 |       ||   102
  Use: Scroll            |       |     9 |       ||     9
 Stab: Sleeping          |     5 |     2 |       ||     7
  Eat: Chunk             |       |     6 |     1 ||     7
Armor: Leather armour    |    34 |    22 |     4 ||    60
Dodge: Dodged            |    96 |    46 |     8 ||   150
